 Dungeon Crawl Stone Soup version 0.26.1-11-gd32895ea62 (webtiles) character file.

Game seed: 9644363077623968557

600 Kukuleta the Firebug (level 7, -4/50 HPs)
             Began as a Grey Draconian Fire Elementalist on June 29, 2021.
             Shot with an arrow by a centaur (8 damage)
             ... on level 5 of the Dungeon.
             The game lasted 00:20:38 (5981 turns).

Kukuleta the Firebug (DrFE)                         Turns: 5981, Time: 00:20:38

Health: -4/50      AC: 11    Str: 11    XL:     7   Next: 18%
Magic:  13/13      EV: 12    Int: 17    God:
Gold:   118        SH:  0    Dex: 11    Spells: 6/14 levels left

rFire    . . .     SeeInvis .   s - +0 spear
rCold    . . .     Faith    .   (no shield)
rNeg     . . .     Spirit   .   (armour unavailable)
rPois    .         Reflect  .   (helmet restricted)
rElec    .         Harm     .   (no cloak)
rCorr    .         Rampage  .   (no gloves)
Will     .....                  (no boots)
Stlth    ++........             (no amulet)
HPRegen  0.16/turn              (no ring)
MPRegen  0.13/turn              (no ring)

@: hasted, very quick
A: walk through water, unfitting armour, unbreathing, cold-blooded, AC +11
a: no special abilities


You were on level 5 of the Dungeon.
You visited 1 branch of the dungeon, and saw 5 of its levels.

You collected 118 gold pieces.

Inventory:

Hand Weapons
 d - a +0 short sword
 s - a +0 spear (weapon)
Armour
 h - a +1 helmet
 i - +0 ice dragon scales
Jewellery
 m - an uncursed ring of resist corrosion {unknown}
Scrolls
 a - 4 scrolls of remove curse {unknown}
 b - a scroll of teleportation {unknown}
 e - a scroll of enchant weapon {unknown}
 f - 4 scrolls of identify {unknown}
 g - a scroll of blinking {unknown}
 p - a scroll of amnesia {unknown}
 r - 3 scrolls of enchant armour {unknown}
Potions
 c - 2 potions of lignification {unknown}
 j - 4 potions of curing {unknown}
 k - a potion of heal wounds {unknown}
 n - a potion of invisibility {unknown}
 o - a potion of brilliance {unknown}
 q - a potion of flight {unknown}


   Skills:
 + Level 2.4 Polearms
 - Level 1.9 Dodging
 - Level 1.9 Stealth
 + Level 4.2 Spellcasting
 + Level 4.0 Conjurations
 + Level 5.0 Fire Magic


You had 6 spell levels left.
You knew the following spells:

 Your Spells              Type           Power        Failure   Level
a - Foxfire               Conj/Fire      76%          2%          1
b - Conjure Flame         Conj/Fire      19%          7%          3
c - Sticky Flame          Conj/Fire      19%          24%         4

Your spell library contained the following spells:

 Spells                   Type           Power        Failure   Level
 Inner Flame              Hex/Fire       12%          16%         3
 Fireball                 Conj/Fire      9%           54%         5


Dungeon Overview and Level Annotations

Branches:
Dungeon (5/15)
 Temple: D:4-7

Altars:
Dithmenos
Nemelex Xobeh
Ru

Shops:
D:5 }

Annotations:
D:2 Sigmund


Innate Abilities, Weirdness & Mutations

You can walk through water.
Your dull iron-grey scales are very hard. (AC +11)
You cannot fit into any form of body armour.
You can survive without breathing.
You are cold-blooded and may be slowed by cold attacks.


Message History

The centaur is heavily wounded.
The centaur hits you.
* * * LOW HITPOINT WARNING * * *
You feel yourself speed up. The centaur barely misses you.
The centaur hits you.
* * * LOW HITPOINT WARNING * * *
The centaur wields a +0 shortbow.
The centaur shoots an arrow.
The arrow closely misses you.
You see here 2 arrows.
The centaur shoots an arrow.
The arrow barely misses you.
You see here an arrow.
The centaur shoots an arrow.
The arrow hits you but does no damage.
You see here an arrow.
The centaur shoots an arrow.
The arrow closely misses you.
You see here an arrow.
The centaur shoots an arrow.
The arrow hits you.
* * * LOW HITPOINT WARNING * * *
You see here an arrow.
The centaur shoots an arrow.
The arrow hits you!
You die...

##...##
#.....# ##+##
#..##.#
#..##.#
#..##.#
#..[#.#
#.#.#.#
#.....#
###.###
#.#########@#
#..sc.((((((#
#############


You could see a centaur.

Vanquished Creatures
  3 ogres
  2 hounds
  A gnoll shaman (D:3)
  An orc wizard (D:4)
  An iguana (D:3)
  A worker ant (D:4)
  7 gnolls
  4 adders
  A white imp (D:5)
  A worm (D:3)
  A dart slug (D:2)
  6 orcs (D:4)
  8 bats
  5 giant cockroaches
  5 goblins
  7 hobgoblins
  2 jackals (D:1)
  8 kobolds
  2 quokkas
  A ball python (D:4)
  6 frilled lizards
  4 rats
77 creatures vanquished.

Vanquished Creatures (others)
  256 foxfires
256 creatures vanquished.

Grand Total: 333 creatures vanquished

Notes
Turn   | Place    | Note
-------+----------+-------------------------------------------
     0 | D:1      | Kukuleta the Draconian Fire Elementalist began the quest
                  | for the Orb.
     0 | D:1      | Reached XP level 1. HP: 14/14 MP: 3/3
   335 | D:1      | Reached XP level 2. HP: 20/20 MP: 3/5
   653 | D:1      | Reached XP level 3. HP: 21/26 MP: 6/6
  1070 | D:2      | Noticed Sigmund
  1403 | D:3      | Learned a level 3 spell: Conjure Flame
  1474 | D:3      | Reached XP level 4. HP: 33/33 MP: 4/8
  1836 | D:3      | Learned a level 4 spell: Sticky Flame
  1884 | D:3      | Found a sacrificial altar of Ru.
  1925 | D:3      | Found a shadowy altar of Dithmenos.
  2637 | D:3      | Reached skill level 4 in Fire Magic
  3953 | D:4      | Reached XP level 5. HP: 38/38 MP: 3/9
  4375 | D:4      | Found a sparkling altar of Nemelex Xobeh.
  4638 | D:4      | Noticed an ogre
  4928 | D:4      | Reached skill level 1 in Polearms
  5344 | D:4      | Reached XP level 6. HP: 45/45 MP: 8/11
  5501 | D:5      | Entered Level 5 of the Dungeon
  5812 | D:5      | Your scales start taking on a dull iron-grey colour.
  5812 | D:5      | Reached XP level 7. HP: 50/50 MP: 8/13
  5812 | D:5      | Gained mutation: You can survive without breathing. [Grey
                  | Draconian growth]
  5820 | D:5      | Reached skill level 5 in Fire Magic
  5884 | D:5      | Found Onis Foy's Gadget Shop.
  5981 | D:5      | Shot with an arrow by a centaur

Illustrated notes

Levels and vault maps discovered:
D:1:      kilobyte_arrival_exit_the_forest, layout_basic
D:2:      layout_basic, serial_glass, glass_columns_a, glass_columns_a,
          glass_columns_c, glass_columns_a, glass_columns_c, glass_columns_b,
          glass_columns_a, glass_columns_b, minmay_fractal_squares_5,
          uniq_sigmund
D:3:      layout_rooms, hangedman_ru_absence, st_stairs_13,
          grunt_dithmenos_smoke
D:4:      layout_layer_cave, overflow_temple_1_default, enter_ossuary_1,
          hex_large, lemuel_old_faithful
D:5:      layout_loops_corners, zin_treasury,
          yredelemnul_forgotten_temple_becter, serial_shops, shop, minivault_23,
          lemuel_altar_in_water, uniq_ijyb

Skill      XL: |  1  2  3  4  5  6  7 |
---------------+----------------------+-----
Conjurations   | 2 3 4 |  4.0
Spellcasting   | 3 4 |  4.2
Fire Magic     | 4 5 |  5.0
Polearms       | 1 2 |  2.4
Dodging        | |  1.9
Stealth        | |  1.9

Action                   |  1- 3 |  4- 6 |  7- 9 || total
-------------------------+-------+-------+-------++-------
Melee: Unarmed           |    10 |       |       ||    10
       Short sword       |    20 |    29 |       ||    49
       Tailslap          |     1 |     2 |     3 ||     6
       Spear             |       |    26 |    12 ||    38
 Cast: Foxfire           |    41 |   106 |     4 ||   151
       Conjure Flame     |       |     5 |       ||     5
  Use: Potion            |       |       |     1 ||     1
Armor: Skin              |    18 |    29 |     6 ||    53
Dodge: Dodged            |    29 |    57 |    14 ||   100
